 Dungeon Crawl Stone Soup version 0.24-a0-725-gf1a930fc54 (webtiles) character file.

Game seed: 6874615917322141499, levelgen mode: deterministic

974 MalarOregon the Destroyer (level 7, 0/50 HPs)
             Began as a Pale Draconian Conjurer on Oct 1, 2019.
             Slain by a big kobold (5 damage)
             ... on level 4 of the Dungeon.
             The game lasted 00:09:21 (5534 turns).

MalarOregon the Destroyer (Pale Draconian Conjurer) Turns: 5534, Time: 00:09:22

Health: 0/50       AC:  7    Str:  8 (10) XL:     7   Next: 95%
Magic:  4/10       EV: 15    Int: 15 (17) God:
Gold:   257        SH:  0    Dex: 10 (12) Spells: 2/10 levels left

rFire    . . .     SeeInvis .   q - +0 hunting sling
rCold    . . .     Gourm    .   (no shield)
rNeg     . . .     Faith    .   (armour unavailable)
rPois    .         Spirit   .   (helmet restricted)
rElec    .         Reflect  .   c - +0 cloak
rCorr    .         Harm     .   (no gloves)
MR       .....                  (no boots)
Stlth    +++.......             h - amulet of the acrobat
HPRegen  0.16/turn              b - ring of stealth
MPRegen  0.12/turn              o - +3 ring of evasion

@: no status effects
A: breathe steam, unfitting armour, horns 1, mutation resistance 1,
cold-blooded, AC +6
a: Breathe Steam


You were on level 4 of the Dungeon.
You were hungry.

You visited 1 branch of the dungeon, and saw 4 of its levels.

You collected 257 gold pieces.

Inventory:

Hand Weapons
 q - a +0 hunting sling (weapon)
   (You took it off a goblin on level 4 of the Dungeon)
Missiles
 i - 6 javelins
 l - 89 stones (quivered)
 m - 26 bolts
 p - 25 arrows
Armour
 c - a +0 cloak (worn)
   (You found it on level 1 of the Dungeon)
Jewellery
 b - a ring of stealth (left hand)
   (You found it on level 1 of the Dungeon)
 f - an uncursed ring of flight
   (You found it on level 2 of the Dungeon)
 h - an amulet of the acrobat (around neck)
   (You found it on level 1 of the Dungeon)
 o - a +3 ring of evasion (right hand)
   (You found it on level 2 of the Dungeon)
Wands
 t - a wand of flame (13)
   (You found it on level 4 of the Dungeon)
Scrolls
 a - a scroll of immolation {unknown}
 d - 2 scrolls of remove curse {unknown}
 g - 2 scrolls of identify {unknown}
 j - a scroll of amnesia {unknown}
 n - 6 scrolls of teleportation {unknown}
 r - a scroll of enchant weapon {unknown}
 s - 3 scrolls of magic mapping {unknown}
Comestibles
 e - 4 rations {!d}
 u - 5 chunks of flesh


   Skills:
 - Level 1.7 Dodging
 - Level 1.7 Stealth
 - Level 2.0 Spellcasting
 + Level 10.0 Conjurations


You had 2 spell levels left.
You knew the following spells:

 Your Spells              Type           Power        Failure   Level  Hunger
a - Magic Dart            Conj           ####         1%          1    #......
s - Dazzling Spray        Conj/Hex       ###...       9%          3    ###....
x - Iskenderun's Mystic   Conj           ####....     3%          4    #####..

Your spell library contained the following spells:

 Spells                   Type           Power        Failure   Level  Hunger
 Searing Ray              Conj           ####..       1%          2    ###....
 Confusing Touch          Hex            #.....       22%         1    #......
 Force Lance              Conj/Tloc      ###.....     28%         4    #####..
 Fulminant Prism          Conj/Hex       ###.......   28%         4    #####..
 Confuse                  Hex            #.......     54%         3    ###....
 Gell's Gravitas          Tloc           #.........   54%         3    ###....
 Petrify                  Tmut/Erth      #.......     91%         4    #####..
 Metabolic Englaciation   Hex/Ice        #.........   99%         5    ######.
 Yara's Violent Unravell  Hex/Tmut       #.........   99%         5    ######.


Dungeon Overview and Level Annotations

Branches:
Dungeon (4/15)
 Temple: D:4-7

Altars:
Fedhas


Innate Abilities, Weirdness & Mutations

You can breathe blasts of scalding, opaque steam.
Your pale cyan-grey scales are hard. (AC +6)
You cannot fit into any form of body armour.
You are cold-blooded and may be slowed by cold attacks.
You have a pair of small horns on your head.
You are somewhat resistant to further mutation.


Message History

The stone hits the big kobold but does no damage.
The big kobold closely misses you. The hobgoblin hits you with a +0 club.
* * * LOW HITPOINT WARNING * * *
Unknown command.
Firing (i - inventory. (/) - cycle)
l - 95 stones (quivered)
Aim: a big kobold (lightly wounded)
You shoot a stone. The stone barely misses the big kobold.
The big kobold closely misses you. The hobgoblin misses you.
Unknown command.
Firing (i - inventory. (/) - cycle)
l - 94 stones (quivered)
Aim: a big kobold (lightly wounded)
You shoot a stone.
The stone hits the big kobold but does no damage.
The big kobold hits you.
* * * LOW HITPOINT WARNING * * *
The hobgoblin misses you.
Firing (i - inventory. (/) - cycle)
l - 93 stones (quivered)
Aim: a big kobold (lightly wounded)
You shoot a stone. The stone hits the big kobold.
The big kobold barely misses you.
The hobgoblin hits you but does no damage.
The big kobold misses you.
Unknown command.
Firing (i - inventory. (/) - cycle)
l - 92 stones (quivered)
Aim: a big kobold (lightly wounded)
You shoot a stone.
The stone closely misses the big kobold.
The hobgoblin closely misses you. The big kobold barely misses you.
Unknown command.
Firing (i - inventory. (/) - cycle)
l - 91 stones (quivered)
Aim: a big kobold (lightly wounded)
You shoot a stone.
The stone closely misses the big kobold.
The hobgoblin misses you. The big kobold misses you.
Unknown command.
Unknown command.
Unknown command.
Unknown command.
Firing (i - inventory. (/) - cycle)
l - 90 stones (quivered)
Aim: a big kobold (lightly wounded)
You shoot a stone.
The stone hits the big kobold but does no damage.
The hobgoblin hits you but does no damage.
The big kobold hits you.
* * * LOW HITPOINT WARNING * * *
It was a potion of degeneration.
There was something very wrong with that liquid.
You feel weakened.
You feel dopey.
You feel clumsy. The hobgoblin barely misses you. The big kobold hits you.
You die...

#≈≈≈≈≈≈≈# #).....##
##.....#
#(......###.)....+
#+##......(.#....)..#
#.)(........#........
#...........'........
#...........#..).....
#'##).......#)......#
#)K.....###......+
#@g....## ##.....#
######## #######


You could see a big kobold and a hobgoblin.

Vanquished Creatures
  Grinder (D:3)
  Sigmund (D:3)
  Eustachio (D:4)
  An ogre (D:4)
  A big kobold (D:4)
  A crimson imp (D:3)
  A bullfrog skeleton (D:4)
  2 orc wizards
  Natasha (thrice) (D:1)
  4 adders
  A gnoll (D:4)
  An ooze (D:3)
  A worm (D:3)
  2 dart slugs (D:1)
  A leopard gecko (D:3)
  6 orcs
  A ball python (D:3)
  6 bats
  A giant cockroach (D:3)
  21 goblins
  20 hobgoblins
  A quokka (D:2)
  7 frilled lizards
  15 kobolds
  A quokka skeleton (D:4)
  12 rats
113 creatures vanquished.

Notes
Turn   | Place    | Note
-------+----------+-------------------------------------------
     0 | D:1      | MalarOregon the Draconian Conjurer began the quest for the
                  | Orb.
     0 | D:1      | Reached XP level 1. HP: 14/14 MP: 3/3
   517 | D:1      | Reached XP level 2. HP: 16/20 MP: 0/5
  1215 | D:2      | Reached skill level 5 in Conjurations
  1218 | D:2      | Reached XP level 3. HP: 24/26 MP: 0/6
  1334 | D:2      | Noticed Natasha
  1374 | D:1      | Killed Natasha
  1611 | D:1      | Noticed Natasha
  1616 | D:1      | Killed Natasha
  1616 | D:1      | Reached XP level 4. HP: 25/33 MP: 1/7
  1733 | D:1      | Noticed Natasha
  1763 | D:1      | Killed Natasha
  1763 | D:1      | Reached skill level 6 in Conjurations
  2346 | D:2      | Found a blossoming altar of Fedhas.
  2828 | D:3      | Reached XP level 5. HP: 29/38 MP: 2/8
  2829 | D:3      | Noticed Sigmund
  2901 | D:2      | Learned a level 4 spell: Iskenderun's Mystic Blast
  2905 | D:2      | Learned a level 3 spell: Dazzling Spray
  3340 | D:3      | Reached skill level 7 in Conjurations
  3437 | D:3      | Noticed Grinder
  3848 | D:3      | Killed Sigmund
  3848 | D:3      | Reached skill level 8 in Conjurations
  3848 | D:3      | Reached XP level 6. HP: 33/45 MP: 0/9
  4119 | D:3      | Paralysed by Grinder for 5 turns
  4125 | D:3      | Gained mutation: You are somewhat resistant to further
                  | mutation. [potion of mutation]
  4125 | D:3      | Gained mutation: You have a pair of small horns on your
                  | head. [potion of mutation]
  4134 | D:3      | Killed Grinder
  4134 | D:3      | Your scales start taking on a pale cyan-grey colour.
  4134 | D:3      | Reached XP level 7. HP: 21/50 MP: 0/10
  4478 | D:4      | Noticed Eustachio
  4502 | D:4      | Killed Eustachio
  4502 | D:4      | Reached skill level 9 in Conjurations
  5511 | D:4      | Reached skill level 10 in Conjurations
  5534 | D:4      | Slain by a big kobold

Levels and vault maps discovered:
D:1:      dpeg_arrival_leaves_temple_mockup, layout_basic
D:2:      layout_basic, fedhas_altar_4, uniq_natasha
D:3:      layout_loops_ring, corexii_hall_statues_l, grunt_ministairs_11,
          corexii_item_surrounded_by_moat, uniq_sigmund, uniq_grinder
D:4:      minmay_goblin_kobold_castle, layout_loops_corners, first_ration,
          uniq_eustachio

Skill      XL: |  1  2  3  4  5  6  7 |
---------------+----------------------+-----
Conjurations   | 5 6 8 10 | 10.0
Dodging        | |  1.7
Stealth        | |  1.7
Spellcasting   | |  2.0

Action                   |  1- 3 |  4- 6 |  7- 9 || total
-------------------------+-------+-------+-------++-------
Melee: Unarmed           |    50 |       |       ||    50
       Tailslap          |     7 |     8 |       ||    15
       Short sword       |     8 |    98 |    21 ||   127
       Headbutt          |       |       |     3 ||     3
 Fire: Hunting sling     |       |       |    89 ||    89
 Cast: Magic Dart        |    59 |    98 |     3 ||   160
       Iskenderun's Myst |       |     5 |    12 ||    17
 Abil: Stop Flying       |       |       |     1 ||     1
       Evoke Flight      |       |       |     1 ||     1
  Use: Potion            |     2 |     2 |     1 ||     5
 Stab: Sleeping          |       |     7 |       ||     7
  Eat: Chunk             |     1 |     8 |     5 ||    14
       Ration            |     1 |       |     1 ||     2
Armor: Skin              |    13 |    27 |    35 ||    75
Dodge: Dodged            |    36 |    88 |   112 ||   236

Table legend:
 A = Non-vault XP
 B = Vault XP
 C = Vault XP percentage of total XP
 D = Non-vault monster count
 E = Vault monster count
 F = Vault count percentage of total count
                 A         B        C        D         E       F
            +---------+---------+-------+---------+---------+-------
      Total |     545 |     847 |  60.8 |      83 |      30 |  26.5
            +---------+---------+-------+---------+---------+-------
        D:1 |     104 |      36 |  25.7 |      24 |       1 |   4.0
        D:2 |      50 |       0 |   0.0 |      18 |       0 |   0.0
        D:3 |     182 |     473 |  72.2 |      35 |       4 |  10.3
        D:4 |     209 |     338 |  61.8 |       6 |      25 |  80.6
            +---------+---------+-------+---------+---------+-------
